 Dungeon Crawl Stone Soup version 0.28-a0-803-g74956062c1 (webtiles) character file.

Game seed: 11951768216085971998

906 BinkBink the Magician (level 7, -6/36 HPs)
             Began as a Deep Elf Fire Elementalist on Nov 7, 2021.
             Mangled by an ogre (29 damage)
             ... on level 5 of the Dungeon.
             The game lasted 00:14:06 (5218 turns).

BinkBink the Magician (Deep Elf Fire Elementalist)  Turns: 5218, Time: 00:14:06

Health: -6/36      AC:  4    Str:  5    XL:     7   Next: 81%
Magic:  14/19      EV: 12    Int: 22    God:
Gold:   174        SH:  0    Dex: 15    Spells: 19/20 levels left

rFire   + . .      SeeInvis .   i - staff of conjuration
rCold   . . .      Faith    .   (no shield)
rNeg    . . .      Spirit   .   a - +0 robe
rPois   .          Reflect  .   j - +2 hat
rElec   .          Harm     .   f - scarf {+Inv}
rCorr   .          Rampage  .   (no gloves)
Will    .....                   (no boots)
Stlth   ++........              (no amulet)
HPRegen 0.12/turn               g - ring of protection from fire
MPRegen 0.16/turn               (no ring)

@: no status effects
A: no striking features
a: Evoke Invisibility


You were on level 5 of the Dungeon.
You visited 1 branch of the dungeon, and saw 5 of its levels.
You also visited: Sewer.

You collected 252 gold pieces.
You spent 78 gold pieces at shops.

Inventory:

Armour
 a - a +0 robe (worn)
 f - a scarf of invisibility (worn)
 j - a +2 hat (worn)
 n - a +0 troll leather armour {Pargi}
Magical Staves
 i - a staff of conjuration (weapon)
Jewellery
 g - a ring of protection from fire (left hand)
Wands
 m - a wand of flame (34)
 o - a wand of acid (5)
Scrolls
 e - a scroll of enchant armour
 q - a scroll of magic mapping {unknown}
Potions
 b - 3 potions of might
 c - 2 potions of brilliance
 d - a potion of berserk rage
 h - 2 potions of curing
 k - a potion of flight
 l - a potion of attraction {unknown}
 p - a potion of heal wounds


   Skills:
 - Level 2.4 Dodging
 - Level 2.5 Stealth
 + Level 7.0 Spellcasting
 + Level 4.5 Conjurations
 + Level 6.1 Fire Magic
 * Level 4.0 Evocations


You had 19 spell levels left.
You knew the following spells:

 Your Spells              Type           Power      Damage    Failure   Level
a - Foxfire               Conj/Fire      100%       2x1d9     1%          1

Your spell library contained the following spells:

 Spells                   Type           Power      Damage    Failure   Level
 Scorch                   Fire           68%        2d8       1%          2
 Conjure Flame            Conj/Fire      46%        6-21      2%          3
 Inner Flame              Hex/Fire       21%        N/A       7%          3
 Freeze                   Ice            28%        1d5       9%          1
 Flame Wave               Conj/Fire      46%        3d9       9%          4
 Stone Arrow              Conj/Erth      52%        3d10      10%         3
 Blink                    Tloc           14%        N/A       12%         2
 Frozen Ramparts          Ice            14%        1d3       24%         3
 Hailstorm                Conj/Ice       26%        3d7       32%         4
 Animate Armour           Summ/Erth      14%        N/A       63%         4
 Manifold Assault         Tloc           7%         N/A       92%         5
 Summon Forest            Summ/Tloc      3%         N/A       92%         5
 Eringya's Noxious Bog    Tmut/Pois      3%         N/A       100%        6
 Storm Form               Tmut/Air       3%         N/A       100%        7
 Summon Hydra             Summ           3%         N/A       100%        7
 Lehudib's Crystal Spear  Conj/Erth      13%        10d4      100%        8


Dungeon Overview and Level Annotations

Branches:
Dungeon (5/15)              Sewer (visited)
 Temple: D:4-7

Altars:
Ashenzari
Dithmenos
Kikubaaqudgha
Trog
Uskayaw
Xom

Shops:
D:3 ?


Message History

The centaur skeleton barely misses you. The centaur skeleton misses you.
The centaur skeleton hits you but does no damage.
The centaur skeleton kicks you. The centaur skeleton hits you.
The centaur skeleton closely misses you.
The centaur skeleton barely misses you.
The centaur skeleton kicks you but does no damage.
You feel a surge of power!
You conjure some foxfire!
The centaur skeleton hits you. The centaur skeleton barely misses you.
You feel a surge of power!
You conjure some foxfire!
The foxfire hits the centaur skeleton.
The centaur skeleton is heavily damaged.
The foxfire hits the centaur skeleton.
The centaur skeleton is severely damaged.
The centaur skeleton hits you.
The centaur skeleton kicks you but does no damage.
The foxfire hits the ogre!
The ogre is moderately wounded.
The foxfire hits the centaur skeleton.
The centaur skeleton is severely damaged.
The centaur skeleton hits you. The centaur skeleton kicks you.
You feel a surge of power!
You conjure some foxfire!
The centaur skeleton barely misses you. The centaur skeleton kicks you.
The foxfire hits the ogre.
The ogre is moderately wounded.
You feel a surge of power!
You conjure some foxfire!
The centaur skeleton hits you.
The centaur skeleton completely misses you.
The foxfire hits the black bear.
The black bear is lightly wounded.
The foxfire hits the centaur skeleton.
The centaur skeleton is almost destroyed.
The foxfire hits the ogre.
The ogre is moderately wounded.
You feel a surge of power!
You conjure some foxfire!
The centaur skeleton hits you but does no damage.
The centaur skeleton kicks you but does no damage.
The ogre hits you with a +0 giant spiked club!!
Ouch! That really hurt!
You die...

.............. ..#
.............# #..
.............# ..#
#...........## ..#
#.........## #..
##.....#..## .
#..## #####.....##
#..###..##
####..###...#
......v@ยง###...###
##...
....(.vhO#...###
##.. .......Z...###
### #..#####..## #
#. #.## # ##.# #..#
#.## #.#


You could see a black bear, an ogre and a centaur skeleton (ally target).

Vanquished Creatures
  Pargi (Sewer)
  A necrophage (D:3)
  3 ogres
  Blork the orc (D:4)
  A scorpion (D:4)
  A water moccasin skeleton (D:5)
  A hound (D:4)
  An iguana (D:5)
  An orc wizard (D:3)
  7 gnolls
  4 adders
  A white imp (D:5)
  A worm (D:2)
  2 dart slugs (D:1)
  7 orcs
  11 endoplasms
  6 giant cockroaches
  7 goblins
  8 hobgoblins
  7 jackals (D:4)
  6 kobolds
  5 quokkas
  5 ball pythons
  10 bats
  5 frilled lizards
  5 rats
108 creatures vanquished.

Vanquished Creatures (collateral kills)
  3 foxfires (D:1)
3 creatures vanquished.

Vanquished Creatures (others)
  433 foxfires
433 creatures vanquished.

Grand Total: 544 creatures vanquished

Notes
Turn   | Place    | Note
-------+----------+-------------------------------------------
     0 | D:1      | BinkBink the Deep Elf Fire Elementalist began the quest for
                  | the Orb.
     0 | D:1      | Reached XP level 1. HP: 10/10 MP: 6/6
   100 | D:1      | Reached XP level 2. HP: 15/15 MP: 4/8
   543 | D:1      | Found a faded altar of an unknown god.
   931 | D:2      | Reached XP level 3. HP: 19/19 MP: 5/9
  1638 | D:2      | Reached skill level 1 in Evocations
  2013 | D:3      | Found Nilaen's Magic Scroll Shoppe.
  2033 | D:3      | Reached XP level 4. HP: 24/24 MP: 3/11
  2039 | D:3      | Reached skill level 4 in Spellcasting
  2257 | D:3      | Found an ancient bone altar of Kikubaaqudgha.
  2346 | D:3      | Bought 3 scrolls of identify for 78 gold pieces
  2368 | D:3      | Noticed a +0 short sword
  2369 | D:3      | Noticed a +0 spear
  2369 | D:3      | Noticed a +0 short sword
  2369 | D:3      | Noticed a +0 dagger
  2370 | D:3      | Noticed a +0 spear
  2370 | D:3      | Noticed a +0 dagger
  2371 | D:3      | Noticed a +0 falchion
  2371 | D:3      | Noticed a +0 falchion
  2373 | D:3      | Found a hide-covered altar of Uskayaw.
  2648 | D:3      | Found a bloodstained altar of Trog.
  2649 | D:3      | Found a shadowy altar of Dithmenos.
  2656 | D:3      | Noticed a necrophage
  2661 | D:3      | Killed a necrophage
  2662 | D:3      | Reached XP level 5. HP: 28/28 MP: 9/14
  3139 | D:4      | Noticed Blork the orc
  3149 | D:4      | Reached skill level 5 in Spellcasting
  3149 | D:4      | Reached skill level 5 in Fire Magic
  3150 | D:4      | Killed Blork the orc
  3151 | D:4      | Reached XP level 6. HP: 24/32 MP: 2/15
  4025 | D:4      | Reached skill level 6 in Spellcasting
  4025 | D:4      | Reached XP level 7. HP: 36/36 MP: 11/18
  4287 | D:4      | Found a shimmering altar of Xom.
  4319 | D:5      | Entered Level 5 of the Dungeon
  4805 | D:5      | Found a broken altar of Ashenzari.
  4840 | D:5      | Found a glowing drain.
  4855 | Sewer    | Entered a sewer
  4949 | Sewer    | Noticed Pargi
  4962 | Sewer    | Killed Pargi
  5043 | D:5      | Reached skill level 7 in Spellcasting
  5218 | D:5      | Mangled by an ogre

Illustrated notes

Levels and vault maps discovered:
D:1:      shiori_arrival_oz, layout_rooms,
          shapermc_ecumenical_altar_mp_ritualfount
D:2:      layout_loops_cross, grunt_ministairs_7, minmay_stone_trees_small
D:3:      layout_basic, nicolae_uskayaw_en_pointe,
          nicolae_kikubaaqudgha_miasma_corner, jmf_multi_god_temple,
          serial_shops, nicolae_shop_waterfront
D:4:      layout_layer_cave, overflow_temple_1_default, uniq_blork_the_orc
D:5:      layout_cave_pods, mainiacjoe_overflow_six_doors_small,
          portal_sewer_entry_f, serial_glass, glass_columns_b, glass_columns_b,
          minmay_strange_pillars, roderic_serpentine_path

Skill      XL: |  1  2  3  4  5  6  7 |
---------------+----------------------+-----
Fire Magic     | 4 5 6 |  6.1
Evocations     | 1 2 3 4 |  4.0
Spellcasting   | 4 5 6 7 |  7.0
Conjurations   | 2 3 4 |  4.5
Dodging        | |  2.4
Stealth        | |  2.5

Action                   |  1- 3 |  4- 6 |  7- 9 || total
-------------------------+-------+-------+-------++-------
 Cast: Foxfire           |    90 |   100 |    80 ||   270
  Use: Scroll            |       |     5 |     3 ||     8
       Potion            |       |       |     1 ||     1
Armor: Robe              |     2 |     2 |     8 ||    12
Dodge: Dodged            |     7 |     2 |    15 ||    24

Table legend: (Time is in decaauts)
 A = Elapsed time spent in this place.
 B = Non-inter-level travel time spent in this place.
 C = Inter-level travel time spent in this place.
 D = Time resting spent in this place.
 E = Time spent auto-exploring this place.
 F = Levels seen in this place.
 G = Mean time per level.
                   A        B        C        D        E       F      G
               +--------+--------+--------+--------+--------+-----+--------+
         Total |   5222 |   5096 |    126 |      0 |   4286 |   6 |  870.3 |
       Dungeon |   5047 |   4921 |    126 |      0 |   4166 |   5 | 1009.4 |
         Sewer |    174 |    174 |      0 |      0 |    120 |   1 |  174.0 |
               +--------+--------+--------+--------+--------+-----+--------+

Top non-repeatable levels by time:
     D:4: 1209 daAuts
     D:3: 1103 daAuts
     D:2: 1078 daAuts
     D:1: 927 daAuts
     D:5: 728 daAuts
   Sewer: 174 daAuts
